 Dungeon Crawl Stone Soup version 0.17-a0-1880-gacf7e67 (webtiles) character file.

321 shakdrar the Cudgeler (level 6, -2/55 HPs)
             Began as a Deep Dwarf Fighter on Sept 21, 2015.
             Was an Initiate of the Shining One.
             Succumbed to a gnoll sergeant's poison
             ... on level 4 of the Dungeon.
             The game lasted 00:08:41 (2344 turns).

shakdrar the Cudgeler (Deep Dwarf Fighter)          Turns: 2344, Time: 00:08:42

Health: -2/55      AC:  6    Str: 22    XL:     6   Next: 22%
Magic:  6/6        EV:  7    Int:  8    God:    the Shining One [......]
Gold:   183        SH:  9    Dex: 12    Spells: 0 memorised, 5 levels left

rFire  x . .     SeeInvis .     v - +1 whip (elec)
rCold  + . .     Clarity  .     b - +0 scale mail
rNeg   . . .     SustAt   .     c - +0 shield
rPois  .         Gourm    .     (no helmet)
rElec  .         Spirit   .     (no cloak)
rCorr  .         Warding  .     (no gloves)
rMut   .         Stasis   .     (no boots)
MR     .....                    (no amulet)
Stlth  ..........               (no ring)
                                h - ring of ice

@: lethally poisoned (-2 -> -36), non-regenerating, not resistant to hostile
enchantments, extremely unstealthy
A: damage resistance, recharge devices, sense surroundings 1, slow healing 3
a: Device Recharging, Renounce Religion


You were on level 4 of the Dungeon.
You worshipped the Shining One.
The Shining One was noncommittal.
You were not hungry.

You visited 1 branch of the dungeon, and saw 4 of its levels.

You collected 183 gold pieces.

Inventory:

Hand weapons
 a - a +0 flail
 v - a +1 whip of electrocution (weapon)
Armour
 b - a +0 scale mail (worn)
 c - a +0 shield (worn)
Jewellery
 h - a ring of ice (left hand)
 p - an uncursed ring of ice
Magical devices
 e - a wand of heal wounds (1)
Scrolls
 i - 3 scrolls of magic mapping {unknown}
 l - 2 scrolls of enchant armour {unknown}
 m - a scroll of fear {unknown}
 q - 2 scrolls of recharging {unknown}
 r - a scroll of teleportation {unknown}
 s - 3 scrolls of identify {unknown}
 x - a scroll of remove curse {unknown}
 y - a scroll of immolation {unknown}
 B - a scroll of amnesia {unknown}
 C - a scroll of blinking {unknown}
Potions
 d - a potion of might
 k - 2 potions of ambrosia {unknown}
 n - a potion of beneficial mutation {unknown}
 o - 2 potions of cure mutation {unknown}
 t - 3 potions of curing {unknown}
 w - 2 potions of haste {unknown}
 z - a potion of cancellation {unknown}
 D - 2 potions of mutation {unknown}
Comestibles
 f - 2 bread rations
 g - a meat ration
 j - a royal jelly
 u - 2 beef jerkies
 A - 7 chunks of flesh


   Skills:
 - Level 2.6 Fighting
 + Level 6.6 Maces & Flails
 - Level 3.2 Armour
 - Level 3.2 Shields


You had 5 spell levels left.
You didn't know any spells.

Dungeon Overview and Level Annotations

Branches:
Dungeon (4/15)
 Temple: D:4-7

Altars:
Elyvilon
Qazlal
Sif Muna
Trog
Zin
The Shining One


Innate Abilities, Weirdness & Mutations

You are resistant to damage.
You can recharge devices by infusing magical energy.
You passively map a small area around you.
You do not heal naturally.


Message History

The gnoll shouts!
You hit the gnoll sergeant.
The gnoll sergeant is almost dead.
* * * LOW HITPOINT WARNING * * *
You feel very sick.
You completely miss the gnoll sergeant.
The gnoll sergeant is almost dead.
* * * LOW HITPOINT WARNING * * *
You feel sick.
The gnoll sergeant hits you but does no damage.
You are more poisoned.
You hit the gnoll sergeant but do no damage.
The gnoll sergeant is almost dead.
* * * LOW HITPOINT WARNING * * *
You feel very sick.
The gnoll sergeant hits you but does no damage.
You are more poisoned.
You closely miss the gnoll sergeant.
The gnoll sergeant is almost dead.
You die...

* #..####.....#.... ,
#......._.....g..., ,
#.#.#.....##* ,... *
#.#.#....## * #.# *
#.#.#....# #.# **
#...####.# #.###
###......# #.#.## * ,
####...#..#######....####
,,
+........gggg@........(.+
####...#.#########...####
, #......# * , .....#* *
#)###### .....# #)#
.###[# ** #)# * .# # * +
#.# .. * #.# *#. ,
######.# ,* ,


You could see a gnoll sergeant and 3 gnolls.

Vanquished Creatures
  An ogre (D:4)
  An orc wizard (D:3)
  7 gnolls
  3 adders (D:3)
  2 oozes
  5 worms
  3 orcs (D:3)
  4 bats
  3 giant cockroaches
  7 hobgoblins
  4 jackals (D:3)
  9 kobolds
  A ball python (D:2)
  5 giant newts
  9 goblins
  A quokka skeleton (D:4)
  5 rats
70 creatures vanquished.

Vanquished Creatures (others)
  An orc wizard (D:3)
1 creature vanquished.

Grand Total: 71 creatures vanquished

Notes
Turn   | Place    | Note
--------------------------------------------------------------
     0 | D:1      | shakdrar the Deep Dwarf Fighter began the quest for the Orb.
     0 | D:1      | Reached XP level 1. HP: 20/20 MP: 1/1
   174 | D:1      | Reached XP level 2. HP: 21/27 MP: 2/2
   810 | D:2      | Found a bloodstained altar of Trog.
   935 | D:2      | Reached XP level 3. HP: 33/33 MP: 3/3
  1328 | D:3      | Reached skill level 4 in Maces & Flails
  1387 | D:3      | Reached XP level 4. HP: 40/40 MP: 4/4
  1406 | D:3      | Found a stormy altar of Qazlal.
  1519 | D:3      | Reached skill level 5 in Maces & Flails
  1560 | D:3      | Found a glowing silver altar of Zin.
  1576 | D:3      | Found a deep blue altar of Sif Muna.
  1598 | D:3      | Reached XP level 5. HP: 40/46 MP: 5/5
  1958 | D:3      | Found a glowing golden altar of the Shining One.
  1964 | D:3      | Became a worshipper of the Shining One
  2125 | D:4      | Noticed an ogre
  2136 | D:4      | Killed an ogre
  2136 | D:4      | Reached skill level 6 in Maces & Flails
  2136 | D:4      | Reached XP level 6. HP: 38/55 MP: 6/6
  2304 | D:4      | Found a white marble altar of Elyvilon.
  2343 | D:4      | HP: 2/55 [poisoned by a gnoll sergeant]
  2344 | D:4      | Succumbed to a gnoll sergeant's poison

Vault maps used:
D:1:      shiori_arrival_maze
D:2:      kennysheep_the_goblin_king, overflow_temple_1_default
D:3:      overflow_temple_1_default, zin_statuary, lemuel_doored_altar,
          first_bread, nicolae_tso_swordbearing_angel
D:4:      overflow_temple_1_default, nicolae_overflow_crystal_walls,
          kennysheep_generic_room_13

Action                   |  1- 3 |  4- 6 || total
-------------------------+-------+-------++-------
Melee: Flail             |    38 |       ||    38
       Whip              |   113 |   123 ||   236
Evoke: Wand              |     2 |     2 ||     4
  Eat: Chunk             |     2 |     3 ||     5
